 Dungeon Crawl Stone Soup version 0.24-a0-258-gb86c0f735e (webtiles) character file.

Game seed: 11556604835633036597

724 Redear the Covered (level 7, 0/61 HPs)
             Began as a Minotaur Fighter on Apr 19, 2019.
             Slain by an ogre
             ... wielding a +0 giant spiked club
              (13 damage)
             ... on level 5 of the Dungeon.
             The game lasted 00:03:59 (3188 turns).

Redear the Covered (Minotaur Fighter)               Turns: 3188, Time: 00:03:59

Health: 0/61       AC:  9    Str: 21      XL:     7   Next: 43%
Magic:  6/6        EV: 10    Int:  5 (6)  God:
Gold:   179        SH: 10    Dex: 12      Spells: 6/6 levels left

rFire    . . .     SeeInvis .   a - +0 war axe
rCold    . . .     Gourm    .   c - +0 shield
rNeg     . . .     Faith    .   b - +0 scale mail
rPois    .         Spirit   .   (helmet restricted)
rElec    .         Reflect  .   (no cloak)
rCorr    .         Harm     .   (no gloves)
MR       .....                  (no boots)
Stlth    ..........             (no amulet)
HPRegen  0.20/turn              (no ring)
MPRegen  0.10/turn              (no ring)

@: no status effects
A: retaliatory headbutt, horns 2, molten scales 1, agile 1, sense surroundings 1
a: no special abilities


You were on level 5 of the Dungeon.
You were hungry.

You visited 1 branch of the dungeon, and saw 5 of its levels.

You collected 179 gold pieces.

Inventory:

Hand Weapons
 a - a +0 war axe (weapon)
Armour
 b - a +0 scale mail (worn)
 c - a +0 shield (worn)
Jewellery
 g - a cursed amulet of inaccuracy {unknown}
 h - an uncursed ring of stealth {unknown}
 m - an uncursed amulet of regeneration {unknown}
Scrolls
 f - 3 scrolls of teleportation {unknown}
 i - 2 scrolls of immolation {unknown}
 j - 5 scrolls of remove curse {unknown}
 k - 2 scrolls of enchant weapon {unknown}
 l - a scroll of fog {unknown}
 n - a scroll of noise {unknown}
 p - a scroll of blinking {unknown}
 q - 2 scrolls of identify {unknown}
 r - a scroll of enchant armour {unknown}
 u - a scroll of magic mapping {unknown}
Potions
 d - 4 potions of might {Str+5 DMG+1d10 | @q3}
 e - 2 potions of mutation {!q}
 o - a potion of haste {unknown}
 s - a potion of heal wounds {unknown}
 t - 2 potions of curing {unknown}
 v - 2 potions of lignification
Comestibles
 z - 12 rations


   Skills:
 + Level 5.6 Fighting
 + Level 4.9 Axes
 + Level 5.7 Armour
 + Level 3.8 Dodging
 + Level 5.7 Shields


You had 6 spell levels left.
You didn't know any spells.
Your spell library was empty.

Dungeon Overview and Level Annotations

Branches:
Dungeon (5/15)
 Temple: D:4-7

Altars:
Elyvilon
Hepliaklqana
Makhleb


Innate Abilities, Weirdness & Mutations

You reflexively headbutt those who attack you in melee.
You have a pair of horns on your head.
You are partially covered in molten scales. (AC +2)
You are agile. (Dex +2)
You passively map a small area around you.


Message History

You hit the ogre.
The ogre is severely wounded.
You block the ogre's attack.
Unknown command.
Your shield prevents you from hitting the ogre.
The ogre is severely wounded.
You block the ogre's attack.
You barely miss the ogre.
The ogre is severely wounded.
You block the ogre's attack.
You hit the ogre.
The ogre is severely wounded.
The ogre hits you with a +0 giant spiked club!!
* * * LOW HITPOINT WARNING * * *
You take 23 damage, and have 13/61 hp.
MASSIVE DAMAGE!!
Unknown command.
You hit the ogre.
The ogre is severely wounded.
The ogre hits you with a +0 giant spiked club!
You die...

###### ##.≈≈≈# #######
###.≈≈≈##
#####.....###.'..._∩# *
...)..........#.≈≈≈##*,
, #...#..<#.######.≈≈≈#
,
#.#.#####.############
,
...............%@O...#
#######.#.##########.#
# , , #...# * , , #
,,##### , * * #, ,, , ,
* , # , * , ## , , , *
* * .# , * , .## , *, ,


You could see an ogre.

Vanquished Creatures
  Grinder (D:3)
  An ogre (D:5)
  A scorpion (D:4)
  2 crimson imps
  A hound (D:5)
  An orc priest (D:3)
  An iguana (D:5)
  Jessica (D:3)
  2 worker ants
  A hound skeleton (D:4)
  A howler monkey skeleton (D:4)
  8 adders
  2 worms
  3 leopard geckos
  7 orcs
  6 giant cockroaches
  5 goblins
  4 hobgoblins
  2 jackals (D:1)
  A quokka (D:2)
  10 bats
  3 frilled lizards
  2 jackal skeletons
  10 kobolds
  4 rats
80 creatures vanquished.

Notes
Turn   | Place    | Note
-------+----------+-------------------------------------------
     0 | D:1      | Redear the Minotaur Fighter began the quest for the Orb.
     0 | D:1      | Reached XP level 1. HP: 19/19 MP: 0/0
   242 | D:1      | Reached XP level 2. HP: 14/27 MP: 1/1
   472 | D:1      | Reached skill level 1 in Dodging
   714 | D:2      | Reached skill level 4 in Fighting
   714 | D:2      | Reached skill level 4 in Armour
   714 | D:2      | Reached skill level 4 in Shields
   714 | D:2      | Reached XP level 3. HP: 29/33 MP: 2/2
   990 | D:2      | Reached skill level 3 in Axes
  1487 | D:3      | Noticed Grinder
  1493 | D:3      | Reached XP level 4. HP: 40/40 MP: 3/3
  1498 | D:3      | Gained mutation: You passively map a small area around you.
                  | [potion of mutation]
  1498 | D:3      | Gained mutation: You are partially covered in molten
                  | scales. (AC +2) [potion of mutation]
  1498 | D:3      | Gained mutation: You are agile. (Dex +2) [potion of
                  | mutation]
  1504 | D:3      | Reached skill level 2 in Dodging
  1511 | D:3      | Paralysed by Grinder for 3 turns
  1518 | D:3      | Killed Grinder
  1518 | D:3      | Reached skill level 4 in Axes
  1518 | D:3      | Reached skill level 5 in Shields
  1518 | D:3      | Reached XP level 5. HP: 9/47 MP: 4/4
  1518 | D:3      | Reached XP level 6. HP: 10/55 MP: 5/5
  2096 | D:3      | Found a white marble altar of Elyvilon.
  2137 | D:3      | Noticed Jessica
  2138 | D:3      | Reached skill level 5 in Armour
  2149 | D:3      | Killed Jessica
  2149 | D:3      | Reached skill level 5 in Fighting
  2413 | D:4      | Reached skill level 3 in Dodging
  2639 | D:4      | Reached XP level 7. HP: 56/61 MP: 6/6
  2695 | D:4      | Found a hazy altar of Hepliaklqana.
  3039 | D:5      | Entered Level 5 of the Dungeon
  3141 | D:5      | Found a burning altar of Makhleb.
  3188 | D:5      | Slain by an ogre

Levels and vault maps discovered:
D:1:      dpeg_arrival_signposts, layout_rooms
D:2:      layout_basic, chequers_hall_statues_corner_a, hex_tiny, minmay_cut_off
D:3:      layout_rooms, elyvilon_altar_3, uniq_jessica, uniq_grinder
D:4:      layout_rooms, lemuel_doored_altar
D:5:      minmay_octagon_keep, layout_basic, makhleb_grotto_becter,
          first_ration, sigmund_army

Skill      XL: |  1  2  3  4  5  6 |
---------------+-------------------+-----
Dodging        | 1 2 3 |  3.8
Fighting       | 4 5 |  5.6
Armour         | 4 5 |  5.7
Shields        | 4 5 |  5.7
Axes           | 3 4 |  4.9

Action                   |  1- 3 |  4- 6 |  7- 9 || total
-------------------------+-------+-------+-------++-------
Melee: War axe           |   100 |    77 |    51 ||   228
       Headbutt          |    15 |    15 |     8 ||    38
  Use: Potion            |       |     4 |       ||     4
  Eat: Chunk             |     2 |     3 |     2 ||     7
Armor: Scale mail        |    50 |    24 |    16 ||    90
       Skin              |       |    15 |       ||    15
Dodge: Dodged            |    39 |    25 |    16 ||    80
Block: Shield            |    79 |    53 |    31 ||   163

Table legend:
 A = Non-vault XP
 B = Vault XP
 C = Vault XP percentage of total XP
 D = Non-vault monster count
 E = Vault monster count
 F = Vault count percentage of total count
                 A         B        C        D         E       F
            +---------+---------+-------+---------+---------+-------
      Total |     673 |     362 |  35.0 |      76 |       4 |   5.0
            +---------+---------+-------+---------+---------+-------
        D:1 |      32 |       0 |   0.0 |      19 |       0 |   0.0
        D:2 |      45 |      13 |  22.4 |      22 |       1 |   4.3
        D:3 |     120 |     299 |  71.4 |      17 |       2 |  10.5
        D:4 |     230 |       0 |   0.0 |      12 |       0 |   0.0
        D:5 |     246 |      50 |  16.9 |       6 |       1 |  14.3
            +---------+---------+-------+---------+---------+-------
